[Event "ESP-chT Honor Division 2022"]
[Site "Linares"]
[Date "2022.09.23"]
[Round "7.18"]
[White "Tejedor Fuente, Enrique"]
[Black "Garrido Outon, Alex"]
[Result "1/2-1/2"]
[ECO "B94"]
[WhiteElo "2384"]
[BlackElo "2411"]
[Annotator "TA"]
[PlyCount "156"]
[EventDate "2022.09.17"]
[EventType "team-tourn"]
[EventCountry "ESP"]
[SourceTitle "playchess.com"]
[Source "ChessBase"]
[SourceQuality "1"]
[TimeControl "5400+30"]

1. e4 c5 2. Nf3 d6 3. d4 cxd4 4. Nxd4 Nf6 5. Nc3 a6 6. Bg5 Nbd7 7. Qe2 {[%emt 0:00:10] B94: Sicilian Najdorf: 6 Bg5 Nbd7.} h6 8. Bh4 g6 9. f4 {[%emt 0:00:06] next e5 is good for White. White is slightly better.} e5 10. fxe5 dxe5 11. O-O-O Qc7 (11... exd4 12. e5 Bc5 13. exf6+ Kf8 14. Ne4 $18) 12. Nb3 b5 13. g4 {[%emt 0:00:22] 13.Rxd7 is a critical line.} Bb7 14. Bg2 Rc8 (14... Be7 $1 $11 {keeps the balance.}) 15. Rhf1 $36 {[%emt 0:06:02][%mdl 2048] White fights for an advantage.} Be7 16. a3 {[%emt 0:11:04] [#] White is more active.} Qc4 $146 {[%emt 0:26:23] [#]} (16... Qb6 $14) ({Predecessor:} 16... g5 17. Bg3 Bxa3 18. bxa3 Qxc3 19. Rd3 Qc7 20. Nd4 O-O 21. Nf5 Qc4 22. Nd6 Qa2 23. Nxb7 {½-½ (40) Kotronias,V (2578)-Papaioannou,I (2624) Vrachati 2013}) 17. Rd3 $1 $16 Ba8 {[%emt 0:06:35] [#]} 18. Kb1 $1 Qe6 19. Nd5 (19. h3 $142) 19... Bxd5 20. exd5 Qxg4 21. Qxg4 (21. Qf2 $1 $14 g5 22. Bg3) 21... Nxg4 $11 22. Bxe7 Kxe7 23. d6+ Kf8 24. Bb7 Rd8 25. h3 Ngf6 26. Bxa6 Rb8 27. Rfd1 Kg7 {[%emt 0:01:48] White must now prevent ...Rb6.} (27... Rb6 $5 28. Bc8 $8 Kg7 $11) 28. Rc3 $1 Rb6 29. Bc8 Rd8 30. Rc7 e4 31. Na5 (31. Nd4 $5 ) 31... e3 {[%emt 0:02:27][%cal Ob6d6] Hoping for ...Rxd6!} 32. Nc6 Re8 33. Re1 Re6 34. Bxd7 Nxd7 35. Nd8 Rexd6 36. Rxe3 Ne5 37. Rxe5 Rxd8 {[%emt 0:00:01][%mdl 4096] Endgame KRR-KRR} 38. Ree7 Rf8 39. b4 g5 40. c4 bxc4 41. Rxc4 Kg6 42. a4 f5 43. a5 Ra6 44. Kb2 f4 45. Kb3 f3 46. Re1 h5 {[%emt 0:01:00] aiming for ...f2.} ({But not} 46... f2 $6 47. Rf1 $11) 47. Ka4 $2 (47. Rf1 $15) 47... f2 $19 48. Rf1 Raf6 49. Re4 Kf5 $2 (49... Rf4 $19 50. Re3 (50. Rxf4 $2 Rxf4 51. a6 g4 $19) 50... g4) 50. Rc4 (50. Re7 $11 {and White is okay.} Kg6 51. Re4) 50... Ke5 51. Rc5+ Kd4 $2 (51... Ke4 $19 {And now ...Rg6 would win.} 52. Rxg5 Kf3) 52. Rxg5 $11 Re8 {[%emt 0:00:45] Strongly threatening ...Re1.} 53. Rxh5 $2 (53. Rg2 $15 Re2 54. Kb5) 53... Re1 $19 54. Rxf2 Rxf2 55. a6 Ra2+ 56. Kb5 Re6 57. Rh4+ Kd3 58. Kc5 Raxa6 59. Rd4+ Kc3 60. b5 {[%emt 0:00:13] Inhibits Rac6+.} Ra8 {[%emt 0:00:51] ( -> ...Re5+)} 61. Rc4+ Kb3 62. Rb4+ Kc3 63. Rc4+ Kb3 64. Rb4+ $1 Ka3 65. Rb1 Rc8+ 66. Kd5 Rh6 67. b6 Rxh3 $2 (67... Ka2 68. Rb4 Ra8) 68. b7 Rd8+ 69. Kc5 Rc3+ $2 (69... Rhh8 $19 {...Ka2 is the strong threat.} 70. Kb6 Ka4) 70. Kb6 $11 {[%emt 0:00:07] The position is equal.} Ka2 71. Rb5 Rd6+ 72. Ka5 Ra3+ 73. Kb4 Rc6 74. b8=Q Rb3+ 75. Ka5 Ra3+ 76. Kb4 {[%emt 0:00:04] White threatens Qh2+ and mate.} Rb3+ 77. Ka5 Ra3+ 78. Kb4 {[%emt 0:00:02] Threatening mate with Qh2+.} Rb3+ {[%emt 0:00:05] Whites escaped into a draw.  Weighted Error Value: White=0.50/Black=0.23 (precise)} 1/2-1/2

[Event "ESP-chT Honor Division 2022"]
[Site "Linares"]
[Date "2022.09.23"]
[Round "7.19"]
[White "Gines Esteo, Pedro Antonio"]
[Black "Eljanov, Pavel"]
[Result "0-1"]
[ECO "D35"]
[WhiteElo "2505"]
[BlackElo "2695"]
[Annotator "TA"]
[PlyCount "114"]
[EventDate "2022.09.17"]
[EventType "team-tourn"]
[EventCountry "ESP"]
[SourceTitle "playchess.com"]
[Source "ChessBase"]
[SourceQuality "1"]
[TimeControl "5400+30"]

1. d4 d5 2. c4 e6 3. Nc3 Nf6 4. cxd5 exd5 5. Bg5 c6 6. e3 h6 7. Bh4 Be7 8. Bd3 Nbd7 9. Qc2 Nh5 10. Bxe7 {[%emt 0:00:34] D36: Queen's Gambit Declined: Exchange Variation: Main line (5 Bg5 c6 6 Qc2).} Qxe7 11. Nge2 O-O 12. g4 {[%emt 0:06:51] White is slightly better.} Nhf6 13. Rg1 Re8 $1 14. O-O-O Ne4 15. Bxe4 dxe4 16. h4 Qxh4 17. Nxe4 Qe7 {[%emt 0:01:07] [#]} 18. N4c3 $146 (18. N2c3 $1 $14) ({Predecessor:} 18. f3 Nf6 19. N2c3 Nd5 20. Rde1 f6 21. Kb1 Be6 22. Qh2 Rad8 23. Ka1 Bf7 24. Nxd5 Rxd5 {1-0 (40) Gladyszev,O (2352)-Oei,H (2203) Lisbon 2001}) 18... Nf6 $15 19. Rg3 Bxg4 (19... b5 $5 20. Kb1 (20. g5 hxg5 21. Rh1 b4 $17) 20... b4 $15) 20. Rdg1 $1 {[%emt 0:01:35] Black must now prevent e4.} h5 21. Kb1 Nd5 (21... g6 $11) 22. Nxd5 $1 $16 cxd5 {[%emt 0:00:06] [#]} 23. f3 $1 $36 {[%emt 0:02:49][%mdl 2048] White is really pushing.} Qxe3 24. Nc3 Qe1+ 25. Nd1 Qb4 {[%emt 0:08:51] Hoping for ...Rac8.} 26. fxg4 h4 27. Rd3 {[%emt 0:05:54] aiming for Qf2.} Re1 28. a3 Qe7 29. Rxe1 Qxe1 30. Qf2 (30. Rh3 $18) 30... Re8 31. Qxe1 Rxe1 {[%emt 0:00:01][%mdl 4096] Endgame KRN-KR} 32. Kc2 Re4 {[%emt 0:01:49] [#]} ({Black should try} 32... Rg1) 33. Nf2 ({But not} 33. Nc3 $6 Rxg4 34. Nxd5 f6 $14) (33. Ne3 $1 $16) 33... Rf4 $14 34. Rd2 g5 $1 35. Kd3 f5 $1 36. gxf5 {[%emt 0:00:24] Strongly threatening Ke3.} g4 37. Ke3 Rf3+ 38. Ke2 Rf4 39. Ke3 Rf3+ 40. Ke2 Rf4 41. Rd1 Kg7 42. Rh1 g3 43. Ke3 Rxf2 $19 44. Rxh4 Rxb2 {[%emt 0:00:19] KR-KR} 45. Kf4 (45. Rg4+ {only move.} Kf6 46. Kf4 Rf2+ 47. Ke3) 45... Rb3 $2 (45... g2 $19 46. Rg4+ Kf7) 46. a4 $11 ({Much worse is} 46. Rg4+ Kf7 47. a4 (47. Rxg3 $2 Rxg3 48. Kxg3 b5 $19) 47... Rd3 $17) 46... Rd3 47. Kg5 $2 (47. Rg4+ $15 Kf7 48. Rg6) 47... Rf3 $19 48. Rg4 b6 49. Rh4 g2 50. Rg4 Rf2 51. Rg3 Kf7 {[%emt 0:00:31] Black mates.} 52. Rg4 a6 53. Rg3 b5 54. axb5 axb5 55. Kh4 b4 56. Kh3 b3 57. Kh2 b2 {[%emt 0:00:11] Never resign too early!  Weighted Error Value: White=0.54/Black=0.24 (precise)} 0-1

[Event "ESP-chT Honor Division 2022"]
[Site "Linares"]
[Date "2022.09.23"]
[Round "7.20"]
[White "Jones, Gawain C B"]
[Black "Ayats Llobera, Gerard"]
[Result "1-0"]
[ECO "C04"]
[WhiteElo "2623"]
[BlackElo "2451"]
[Annotator "TA"]
[PlyCount "69"]
[EventDate "2022.09.17"]
[EventType "team-tourn"]
[EventCountry "ESP"]
[SourceTitle "playchess.com"]
[Source "ChessBase"]
[SourceQuality "1"]
[TimeControl "5400+30"]

1. e4 e6 2. d4 d5 3. Nd2 Nc6 4. Ngf3 Nf6 5. e5 Nd7 6. c3 f6 7. Bb5 fxe5 8. dxe5 (8. Nxe5 Ncxe5 9. dxe5 c6 $15) 8... Be7 {[%emt 0:00:04] C04: French Tarrasch: 3...Nc6.} 9. Nd4 Ndxe5 10. f4 a6 {[%emt 0:01:09] The position is equal.} 11. Qh5+ Kd7 (11... Kf8 $2 12. fxe5 Nxd4 13. cxd4 $18) 12. Qxe5 $5 {[%emt 0:05:36][%mdl 4] Exploring less charted territory.} axb5 13. Qxe6+ Ke8 14. Qe2 {[%emt 0:00:13] [#]} Nxd4 $146 ({Predecessor:} 14... Kf7 15. N2f3 Re8 16. O-O Nxd4 17. cxd4 c6 18. Ne5+ Kg8 19. Qd3 Rf8 20. f5 Bd6 {1-0 (71) Murlasits,M (2166)-Lehnen,P (2115) ICCF email 2010}) 15. cxd4 c6 16. O-O $1 Kf7 17. f5 Rf8 (17... Bf6 $5 18. Qh5+ g6 19. fxg6+ Kg7 $15) 18. g4 Kg8 19. Nf3 Bd6 {[%emt 0:00:19] Against Bf4} 20. Bg5 Qc7 21. a3 b4 22. axb4 Rxa1 23. Rxa1 Bxb4 24. Ra8 Bd6 25. Bh4 g6 26. Bg5 Qf7 ({But not} 26... gxf5 27. Bh6 Rd8 28. Ng5 $16) 27. Qg2 Bd7 28. Ra7 (28. Rxf8+ $11 Kxf8 29. f6) 28... gxf5 $17 29. Bh6 {[%emt 0:00:52] [#] gxf5+ is the strong threat.} Rb8 $1 ({Don't play} 29... fxg4 $6 30. Bxf8 Qxf8 31. Ne5 Bxe5 32. dxe5 $11) 30. Ne5 ({Not} 30. gxf5+ $2 Kh8 31. Ne5 Bxe5 32. dxe5 Rg8 $19) 30... Bxe5 31. dxe5 fxg4 32. Qg3 Qe6 (32... Be6 $17 {White must now prevent ...Qg6.} 33. Ra1 Re8) 33. Qf4 $11 {[%emt 0:00:17][%cal Oa7b7] Strongly threatening Rxb7!} d4 $2 {[%emt 0:00:25][%mdl 8192] [#]} (33... Re8 $1 $11) 34. Rxb7 $3 $18 Ra8 (34... Re8 35. Qg5+) 35. Qg5+ {[%emt 0:00:21] Weighted Error Value: White=0.12 (very precise) /Black=0.34} 1-0

[Event "ESP-chT Honor Division 2022"]
[Site "Linares"]
[Date "2022.09.23"]
[Round "7.21"]
[White "Martinez Fernandez, Adrian"]
[Black "Del Rio De Angelis, Salvador G."]
[Result "1-0"]
[ECO "B12"]
[WhiteElo "2338"]
[BlackElo "2456"]
[Annotator "TA"]
[PlyCount "61"]
[EventDate "2022.09.17"]
[EventType "team-tourn"]
[EventCountry "ESP"]
[SourceTitle "playchess.com"]
[Source "ChessBase"]
[SourceQuality "1"]
[TimeControl "5400+30"]

1. e4 c6 2. d4 d5 3. e5 Bf5 4. Nc3 e6 5. g4 Bg6 6. Nge2 c5 7. h4 h5 8. Nf4 Ne7 {[%emt 0:01:17] B12: Caro-Kann: Advance Variation.} ({Black should try} 8... Bh7 $15) 9. Nb5 $1 $14 (9. gxh5 Bf5 $15) 9... Nec6 $1 10. Nxg6 fxg6 {[%emt 0:00:07] White is slightly better.} 11. Bd3 (11. Qd3 $14 Kd7 12. dxc5 (12. Qxg6 cxd4 13. Bf4 a6 $11)) 11... cxd4 $11 12. Bxg6+ Kd7 {[%emt 0:00:07] And now ...Qa5+ would win.} 13. Nxd4 Nxe5 {[%emt 0:02:05] [#]} (13... Nxd4 $11 14. Qxd4 Nc6) 14. Qe2 $1 $36 {[%emt 0:06:53][%mdl 2048] Keeping Black busy.} Qf6 {[%emt 0:10:09] [#]} 15. Be8+ $146 ({Predecessor:} 15. Bg5 Qxg6 16. Qxe5 Bd6 17. Qe2 Nc6 18. O-O-O Rac8 19. Rhe1 Nxd4 20. Rxd4 Rxc2+ 21. Qxc2 {0-1 (33) Iveljic,I (2186)-Kanjuh,V (2073) Dvorovi 2005}) 15... Kxe8 16. Bg5 (16. g5 $1 $16 Qf7 17. Qxe5) 16... Qf7 (16... Bb4+ $2 17. c3 Qg6 18. Qxe5 $18 (18. cxb4 Nbc6 $11)) (16... Nbc6 $1 $11 {remains equal.} 17. Bxf6 Nxd4 18. Bxe5 Nxe2) 17. Qxe5 {[%emt 0:00:10] Really sharp!} Nc6 18. Qxe6+ Qxe6+ 19. Nxe6 {[%emt 0:00:05] Strongly threatening Nc7+.} Kd7 {[%emt 0:01:50] Against Nc7} 20. Nxf8+ Raxf8 21. O-O-O Kd6 22. Rd2 hxg4 23. Rg1 Rf5 (23... Ne5 $14) 24. Rxg4 Rhf8 25. Be3 R8f7 26. Rg6+ Kc7 27. Rg1 {[%emt 0:02:17] White is more active.} b5 28. c3 a5 29. Rg6 Ne5 {[%emt 0:02:08] [#]} 30. Ra6 Nc4 {[%emt 0:00:07] [#]} 31. Rxd5 $3 {[%emt 0:03:23][%mdl 512] Weighted Error Value: White=0.12 (very precise) /Black=0.27 (precise)} 1-0

[Event "ESP-chT Honor Division 2022"]
[Site "Linares"]
[Date "2022.09.23"]
[Round "7.22"]
[White "Suarez Garcia, Carlos"]
[Black "Masague Artero, Guerau"]
[Result "1-0"]
[ECO "A05"]
[WhiteElo "2455"]
[BlackElo "2308"]
[Annotator "TA"]
[PlyCount "129"]
[EventDate "2022.09.17"]
[EventType "team-tourn"]
[EventCountry "ESP"]
[SourceTitle "playchess.com"]
[Source "ChessBase"]
[SourceQuality "1"]
[TimeControl "5400+30"]

1. Nf3 Nf6 2. g3 c5 3. Bg2 g6 4. O-O Bg7 5. c4 O-O 6. Nc3 d5 7. cxd5 Nxd5 8. Qa4 Nc6 {[%emt 0:03:13] A34: Symmetrical English: 2 Nc3, lines with ...d5.} 9. Qh4 (9. Qc4 $11 Nxc3 10. dxc3) 9... e6 $15 10. Qc4 b6 {[%emt 0:05:12] Black is slightly better.} 11. d4 (11. d3 $15) 11... Na5 {[%emt 0:07:32] [#]} (11... cxd4 $17 12. Nxd5 (12. Qxc6 Bd7 $17) 12... Qxd5) 12. Qd3 $146 ({Predecessor:} 12. Qa4 Nxc3 13. bxc3 cxd4 14. Nxd4 Bb7 15. Ba3 Bxg2 16. Kxg2 Qd5+ 17. e4 Qxe4+ 18. f3 {½-½ (32) Schinkowski,C (2165)-Poghosyan,T (1933) Kiel 2013}) 12... Nb4 13. Qd1 Bb7 14. dxc5 bxc5 15. Bg5 Qxd1 16. Nxd1 Rfc8 17. Nd2 Bxg2 18. Kxg2 h6 19. Be3 Rab8 20. Rc1 c4 (20... Nxa2 $2 21. Ra1 $18 (21. Rxc5 Rxc5 22. Bxc5 a6 $15)) 21. Bxa7 Ra8 22. a3 $1 Na2 23. Ra1 Nb3 (23... c3 {is interesting.} 24. Rxa2 cxd2 25. b4 Rxa7 26. bxa5 Rd8) 24. Nxb3 cxb3 25. Be3 Rc2 {[%emt 0:03:37][%csl LRb2,LRe2][%mdl 1024] Black has compensation.} 26. Kf3 Kh7 27. Rb1 Ra6 28. Re1 Rac6 29. Kg2 f5 30. f3 Rd6 31. Kf1 g5 32. f4 Kg6 33. Bf2 (33. Nf2 $1 $11 {keeps the balance.}) 33... gxf4 (33... Rdc6 $17) 34. gxf4 Rc4 (34... e5 $15 35. Be3 (35. Ne3 exf4 36. Red1 Re6 $17) 35... exf4 36. Bxf4 Rd4) 35. Kg2 Rd2 36. Kf3 Re4 $2 (36... Rdc2 $11 {and Black is okay.}) 37. Be3 Rc2 38. Nf2 ({White should play} 38. Rg1+ $18 Kf7 39. Nf2) 38... Rxe3+ $2 39. Kxe3 $18 Bxb2 40. Nd3 Bxa3 41. Rxb3 Be7 42. Ra1 {[%emt 0:02:49] [#] Hoping for Ne5+.} Bf6 43. Rg1+ Kh5 44. Kf3 Nc3 45. Rc1 Nxe2 $2 (45... Rxc1 {was necessary.} 46. Nxc1 e5 47. fxe5 Bxe5) 46. Rxc2 Nd4+ 47. Kg3 Nxb3 {[%emt 0:00:51][%mdl 4096] Endgame KRN-KBN} 48. Rc6 Nd4 49. Ra6 Kg6 (49... Bh4+ {might work better.} 50. Kg2 Be7) 50. Ne5+ Kh5 (50... Kg7 $142 51. Rd6 Nb3 52. Rxe6 Nd2) 51. Rd6 Bh4+ 52. Kg2 Ne2 53. Kf3 Be7 54. Rd7 Ng1+ 55. Kg2 Bc5 56. Nd3 Be3 57. Rd6 e5 58. fxe5 {[%emt 0:00:34][%cal Bf4e5,Be5e6][%mdl 32] [#] White wants to mate with Rf6.} Kg5 59. h4+ {[%emt 0:00:32] White mates.} Kxh4 60. e6 f4 61. Ne5 Bc5 62. Rd5 f3+ 63. Nxf3+ Nxf3 64. Kxf3 Ba3 65. Rd7 {[%emt 0:00:20] Weighted Error Value: White=0.18 (very precise) /Black=0.57} 1-0

[Event "ESP-chT Honor Division 2022"]
[Site "Linares"]
[Date "2022.09.23"]
[Round "7.23"]
[White "Jimenez Ruano, Adrian"]
[Black "Trigo Urquijo, Sergio"]
[Result "1/2-1/2"]
[ECO "A40"]
[WhiteElo "2264"]
[BlackElo "2402"]
[Annotator "TA"]
[PlyCount "28"]
[EventDate "2022.09.17"]
[EventType "team-tourn"]
[EventCountry "ESP"]
[SourceTitle "playchess.com"]
[Source "ChessBase"]
[SourceQuality "1"]
[TimeControl "5400+30"]

1. d4 e6 2. c4 b6 3. Nc3 Bb7 4. a3 Nf6 5. Qc2 d5 {[%emt 0:01:31] The position is equal.} 6. cxd5 {[%emt 0:00:37] A40: Unusual replies to 1 d4.} Nxd5 7. e4 Nxc3 8. bxc3 Be7 9. Bd3 c5 10. Nf3 Qc7 {[%emt 0:04:15] [#]} 11. Qa4+ $146 ({Predecessor:} 11. Qb1 Nc6 12. O-O Rd8 13. Be3 Na5 14. Bb5+ Bc6 15. Ne5 O-O 16. Nxc6 Nxc6 17. Rd1 Na5 18. e5 c4 19. Ba4 Nb3 20. Bxb3 cxb3 21. Qxb3 {1-0 (42) Illescas Cordoba,M (2599)-Graf,A (2630) Lanzarote 2003}) 11... Qd7 12. Qc2 Qc7 13. Qa4+ Qd7 14. Qc2 Qc7 {[%emt 0:04:12] An uneventful encounter.  Weighted Error Value: White=0.00 (flawless) /Black=0.02 (flawless)} 1/2-1/2

[Event "ESP-chT Honor Division 2022"]
[Site "Linares"]
[Date "2022.09.23"]
[Round "7.24"]
[White "Ambartsumova, Karina"]
[Black "Rodriguez Redondo, Adhara"]
[Result "1-0"]
[ECO "D31"]
[WhiteElo "2386"]
[BlackElo "2112"]
[Annotator "TA"]
[PlyCount "103"]
[EventDate "2022.09.17"]
[EventType "team-tourn"]
[EventCountry "ESP"]
[SourceTitle "playchess.com"]
[Source "ChessBase"]
[SourceQuality "1"]
[TimeControl "5400+30"]

1. c4 e6 2. Nc3 d5 3. d4 Be7 4. cxd5 exd5 5. Bf4 c6 6. Qc2 g6 7. e3 Bf5 8. Qd2 Nf6 9. f3 {[%emt 0:01:58] D31: Queen's Gambit Declined: Semi-Slav without ...Nf6 (+ Marshall Gambit and Noteboom) and Exchange Variation lines without ...Nf6.} Nbd7 10. g4 Be6 11. Bd3 {[%emt 0:00:28] White is slightly better.} Nb6 12. Nge2 {[%emt 0:11:27] [#]} Nc4 $146 ({Predecessor:} 12... Bd6 13. h4 h5 14. g5 Ng8 15. e4 Ne7 16. Bxd6 Qxd6 17. e5 Qd7 18. b4 Bf5 {0-1 (45) Theodoridis,C (1585)-Gkavardinas,A (2170) Thessaloniki 2022}) 13. Qc2 Nd7 14. Bxc4 {[%emt 0:10:54] Threatens to win with Bd3.} dxc4 15. e4 ({White should try} 15. O-O-O $16) 15... Bh4+ $14 16. Kf1 g5 17. Be3 Nf6 18. Qd2 Rg8 (18... h5 $11 {keeps the balance.}) 19. e5 (19. Rd1 $16) 19... Nd5 $11 20. Ne4 Qd7 $1 21. Nd6+ {[%emt 0:00:59] Pair of Knights!} Kd8 22. Ng3 {[%emt 0:03:24] Against f5} (22. Nc3 $11) 22... h5 23. Ngf5 ({Much worse is} 23. Nxc4 hxg4 24. fxg4 Bxg4 $17) 23... Bxf5 (23... f6 $15) 24. Nxf5 hxg4 25. fxg4 f6 26. Bf2 fxe5 27. dxe5 Bxf2 28. Kxf2 Kc7 29. Rhe1 Rae8 (29... Qh7 $5 30. Kg1 Qh3 $15) 30. Rad1 Kb8 31. Kg1 Qc7 32. e6 Qf4 {[%emt 0:00:36] [#]} (32... Rh8 $11) 33. Qg2 {[%emt 0:02:04] Active counter play!} (33. Qxf4+ $1 $16 Nxf4 34. e7) 33... Rh8 (33... Qc7 $1 $11) 34. e7 $16 Rh7 ({Better is} 34... Qc7) 35. Qg3 ({White should play} 35. Rd4 $16 Qc7 36. Rxc4) 35... Kc7 {[%emt 0:00:42] [#]} (35... Qxg3+ $11 {remains equal.} 36. hxg3 Kc7) 36. Qxf4+ $1 gxf4 (36... Nxf4 $16 {keeps fighting.} 37. Re4 Ng6) 37. Rd4 $18 b5 38. g5 {[%emt 0:00:43][%cal Bg4g5,Bg5g6,Bg6g7][%mdl 32] Strongly threatening g6.} Rf7 $2 (38... Nxe7 39. g6 (39. Rxf4 Rf8 $11) 39... Nxf5 40. Rxe8 Rh4) 39. Re5 Ne3 (39... Rxf5 $142 40. Rxf5 Rxe7) 40. Rxf4 $2 (40. Nd6 Rexe7 41. Nxf7 Rxf7 42. g6) 40... Nxf5 41. Rfxf5 Rexe7 {[%emt 0:00:30][%mdl 8192] Loses the game.} (41... Rxf5 $16 {is a better chance.} 42. Rxf5 Kd7) 42. Rxe7+ Rxe7 {[%emt 0:00:02][%mdl 4096] Endgame KR-KR} 43. g6 Kd6 44. h4 Re4 45. Rg5 {[%emt 0:00:17] Against Rg4+. White threatens g7 and mate.} Re8 46. g7 Rg8 47. h5 {[%emt 0:00:01] h6 would kill now.} Ke6 48. h6 {[%emt 0:00:06] White mates.} Kf7 49. Kf2 a5 50. h7 Rxg7 51. Rf5+ Kg6 52. h8=Q {[%emt 0:00:07] Weighted Error Value: White=0.31/Black=0.52} 1-0